 Dungeon Crawl Stone Soup version 0.31.0-11-ge490571c62 (webtiles) character file.

Game seed: 5913522856894144231

105 qw the Skirmisher (level 4, 0/25 HPs)
             Began as a Deep Elf Hunter on Feb 3, 2024.
             Slain by a cerulean imp
             ... wielding a +4 spear
             ... summoned by Natasha
              (4 damage)
             ... on level 3 of the Dungeon.
             The game lasted 00:00:11 (1717 turns).

qw the Skirmisher (Deep Elf Hunter)                 Turns: 1717, Time: 00:00:12

Health: 0/25       AC:  6    Str: 10    XL:     4   Next: 54%
Magic:  6/6        EV: 13    Int: 14    God:
Gold:   167        SH:  0    Dex: 18    Spells: 3/3 levels left

rFire   + . .        a - +0 shortbow (flame)
rCold   + . .        (shield currently unavailable)
rNeg    . . .        l - +2 robe {rC+ rF+}
rPois   .            j - +0 helmet
rElec   .            d - +0 cloak
rCorr   .            (no gloves)
SInv    .            (no boots)
Will    .....        (no amulet)
Stlth   ++           (no ring)
HPRegen 0.24/turn    (no ring)
MPRegen 0.10/turn

%: no passive effects
@: about to teleport, slowed, very slow
A: no striking features
a: no special abilities


You were on level 3 of the Dungeon.
You visited 1 branch of the dungeon, and saw 3 of its levels.

You collected 167 gold pieces.


   Skills:
 - Level 1.5 Fighting
 - Level 8.0 Ranged Weapons
 + Level 2.4 Dodging
 - Level 1.2 Stealth


You had 3 spell levels left.
You didn't know any spells.
Your spell library was empty.

Inventory:

Hand Weapons
 a - a +0 shortbow of flaming (weapon)
Armour
 d - a +0 cloak (worn)
 j - a +0 helmet (worn)
 l - a +2 robe of resistance (worn)
Scrolls
 b - a scroll of teleportation
 c - a scroll of identify
Potions
 f - a potion of resistance {unknown}
 i - 2 potions of curing

Dungeon Overview and Level Annotations

Branches:
Dungeon (3/15)

Altars:
Hepliaklqana

Shops:
D:1 :[

Annotations:
D:3 Natasha


Message History

The arrow barely misses the cerulean imp.
Natasha mumbles some strange words.
The cerulean imp misses you.
Enter note:
Enter note:
Enter note:
Enter note:
Enter note:
Enter note:
1711 ||| RETREEEEATING.
The cerulean imp attacks as it pursues you!
The cerulean imp closely misses you.
Natasha howls an incantation.
You feel troubled.
The cerulean imp hits you from afar with a +4 spear.
The cerulean imp closely misses you.
1712 ||| RETREEEEATING.
The cerulean imp completely misses you.
You shoot an arrow.
The arrow barely misses the cerulean imp.
The arrow closely misses the cerulean imp.
The cerulean imp hits you from afar with a +4 spear.
The cerulean imp closely misses you.
You shoot an arrow.
The arrow hits the cerulean imp but does no damage.
Natasha casts a spell.
The cerulean imp hits you from afar with a +4 spear.
You shoot an arrow.
The arrow barely misses the cerulean imp. x2
The cerulean imp hits you but does no damage.
The cerulean imp hits you from afar with a +4 spear.
1716 ||| READING 2 scrolls of teleportation.
As you read the scroll of teleportation, it crumbles to dust.
You feel strangely unstable. The cerulean imp misses you.
You shoot an arrow. The arrow hits the cerulean imp.
The arrow burns the cerulean imp.
The cerulean imp is heavily wounded.
The cerulean imp hits you from afar with a +4 spear. x2
You die...

#.......# #...#......#....
#.......# #..##.###.##....
#.......# ##..##.# #..##..#
#.......####...##.# #......#
#.........##5#.##(# #.##...#
#.....?.#.#5h#..#.# #.###)..
#.#####.#.#5###... ..# ##..
#># #.#.#.# #..###.# #.# #.#
#.#.#@# #.# #.# #.. #.#
###.#.#.# #.# #.#####% #.#
#.......### #.###...###.
#.###.........###.##....#...
#5.##.......................
##.##.........###.#.......##
#.##......#### #.##....####
#.###..#### #.##........ #.#
#.## #.##.......#


You could see Natasha and 3 cerulean imps.

Vanquished Creatures
  Jessica (D:2)
  3 adders
  2 dart slugs
  A ribbon worm (D:2)
  An endoplasm (D:2)
  2 giant cockroaches
  6 goblins
  9 hobgoblins
  A jackal (D:2)
  2 kobolds (D:2)
  2 quokkas
  5 ball pythons
  2 bats
  4 frilled lizards
  3 rats
44 creatures vanquished.

Notes
Turn   | Place    | Note
-------+----------+-------------------------------------------
     0 | D:1      | qw the Deep Elf Hunter began the quest for the Orb.
     0 | D:1      | Reached XP level 1. HP: 12/12 MP: 3/3
     0 | D:1      | 0 ||| qw: Version: 0.3-a-155-g5e7d8dd
     0 | D:1      | 0 ||| qw: Game counter: 3179
     0 | D:1      | 0 ||| qw: Melee chars always use a shield: true
     0 | D:1      | 0 ||| qw: God list: Okawaru
     0 | D:1      | 0 ||| qw: Allow faded altars: false
     0 | D:1      | 0 ||| qw: Do Orc after clearing Dungeon:15 true
     0 | D:1      | 0 ||| qw: Do second Lair branch before Depths: true
     0 | D:1      | 0 ||| qw: Lair rune preference: random
     0 | D:1      | 0 ||| qw: Goals: Normal
     0 | D:1      | 0 ||| PLANNING D:1-11
    42 | D:1      | Found Torac's Book Shop.
    51 | D:1      | 51 ||| READING scroll labelled YGILUPRORI.
    51 | D:1      | 51 ||| BRANDING +0 shortbow.
    60 | D:1      | Found Jolexy Qeyco's Antique Armour Boutique.
    69 | D:1      | 69 ||| SHOPLISTING cloak (90 gold, have 0).
    69 | D:1      | 69 ||| SHOPLISTING pair of bloodstained gloves (190 gold,
                  | have 0).
    69 | D:1      | 69 ||| SHOPLISTING pair of glowing gloves (150 gold, have
                  | 0).
    69 | D:1      | 69 ||| SHOPLISTING ring mail (80 gold, have 0).
    99 | D:1      | Reached skill level 6 in Ranged Weapons
    99 | D:1      | Reached XP level 2. HP: 16/16 MP: 4/4
   389 | D:1      | 389 ||| UPGRADING to +0 cloak.
   394 | D:1      | 394 ||| READING scroll labelled CORISUTHR PURIA.
   495 | D:1      | 495 ||| DROPPING scroll of butterflies.
   536 | D:2      | 536 ||| READING scroll of brand weapon.
   536 | D:2      | 536 ||| BRANDING +0 shortbow of freezing.
   600 | D:2      | Found a faded altar of an unknown god.
   632 | D:2      | Reached XP level 3. HP: 14/20 MP: 5/5
   809 | D:2      | Reached skill level 7 in Ranged Weapons
   872 | D:2      | Found a hazy altar of Hepliaklqana.
   986 | D:2      | Noticed Jessica
   992 | D:2      | 992 ||| FLEEEEING.
   999 | D:2      | Killed Jessica
  1000 | D:2      | Reached XP level 4. HP: 12/25 MP: 6/6
  1179 | D:2      | 1179 ||| UPGRADING to +0 helmet.
  1184 | D:2      | 1184 ||| UPGRADING to +2 robe of resistance.
  1194 | D:2      | 1194 ||| DROPPING +0 leather armour.
  1195 | D:2      | 1195 ||| READING 3 scrolls labelled SOATHA LUNATA.
  1200 | D:2      | 1200 ||| READING scroll labelled WUDA KIOMM.
  1200 | D:2      | 1200 ||| IDENTIFYING bubbling orange potion
  1201 | D:2      | 1201 ||| READING scroll labelled JONEELUTHRO.
  1202 | D:2      | 1202 ||| READING scroll labelled FOGITU KEIPP.
  1203 | D:2      | 1203 ||| DRINKING 2 fizzy golden potions.
  1204 | D:2      | 1204 ||| DROPPING potion of attraction.
  1379 | D:3      | Noticed Natasha
  1382 | D:3      | 1382 ||| FLEEEEING.
  1383 | D:3      | 1383 ||| FLEEEEING.
  1384 | D:3      | 1384 ||| FLEEEEING.
  1385 | D:3      | 1385 ||| FLEEEEING.
  1386 | D:3      | 1386 ||| FLEEEEING.
  1387 | D:3      | 1387 ||| FLEEEEING.
  1388 | D:3      | 1388 ||| FLEEEEING.
  1389 | D:3      | 1389 ||| FLEEEEING.
  1390 | D:3      | 1390 ||| FLEEEEING.
  1391 | D:3      | 1391 ||| FLEEEEING.
  1392 | D:3      | 1392 ||| FLEEEEING.
  1393 | D:3      | 1393 ||| FLEEEEING.
  1394 | D:3      | 1394 ||| FLEEEEING.
  1395 | D:3      | 1395 ||| FLEEEEING.
  1396 | D:3      | 1396 ||| FLEEEEING.
  1397 | D:3      | 1397 ||| FLEEEEING.
  1398 | D:3      | 1398 ||| FLEEEEING.
  1399 | D:3      | 1399 ||| FLEEEEING.
  1400 | D:3      | 1400 ||| FLEEEEING.
  1401 | D:3      | 1401 ||| FLEEEEING.
  1402 | D:3      | 1402 ||| FLEEEEING.
  1403 | D:3      | 1403 ||| FLEEEEING.
  1404 | D:3      | 1404 ||| FLEEEEING.
  1405 | D:3      | 1405 ||| FLEEEEING.
  1406 | D:3      | 1406 ||| STAIRDANCE
  1408 | D:2      | 1408 ||| FLEEEEING.
  1409 | D:2      | 1409 ||| FLEEEEING.
  1410 | D:2      | 1410 ||| FLEEEEING.
  1411 | D:2      | 1411 ||| FLEEEEING.
  1412 | D:2      | 1412 ||| FLEEEEING.
  1413 | D:2      | 1413 ||| FLEEEEING.
  1414 | D:2      | 1414 ||| FLEEEEING.
  1415 | D:2      | 1415 ||| READING 3 scrolls labelled OQAAKHLOTAR.
  1416 | D:2      | 1416 ||| FLEEEEING.
  1417 | D:2      | 1417 ||| FLEEEEING.
  1418 | D:2      | 1418 ||| FLEEEEING.
  1419 | D:2      | 1419 ||| FLEEEEING.
  1420 | D:2      | 1420 ||| FLEEEEING.
  1421 | D:2      | 1421 ||| FLEEEEING.
  1422 | D:2      | 1422 ||| FLEEEEING.
  1423 | D:2      | 1423 ||| FLEEEEING.
  1424 | D:2      | 1424 ||| STAIRDANCE
  1526 | D:1      | 1526 ||| DROPPING 2 scrolls of vulnerability.
  1642 | D:3      | Reached skill level 8 in Ranged Weapons
  1693 | D:3      | 1693 ||| FLEEEEING.
  1694 | D:3      | 1694 ||| FLEEEEING.
  1695 | D:3      | 1695 ||| FLEEEEING.
  1696 | D:3      | 1696 ||| FLEEEEING.
  1697 | D:3      | 1697 ||| FLEEEEING.
  1698 | D:3      | 1698 ||| FLEEEEING.
  1699 | D:3      | 1699 ||| FLEEEEING.
  1700 | D:3      | 1700 ||| FLEEEEING.
  1701 | D:3      | 1701 ||| FLEEEEING.
  1702 | D:3      | 1702 ||| FLEEEEING.
  1703 | D:3      | 1703 ||| FLEEEEING.
  1704 | D:3      | 1704 ||| FLEEEEING.
  1705 | D:3      | 1705 ||| FLEEEEING.
  1706 | D:3      | 1706 ||| FLEEEEING.
  1707 | D:3      | 1707 ||| RETREEEEATING.
  1708 | D:3      | 1708 ||| RETREEEEATING.
  1709 | D:3      | 1709 ||| RETREEEEATING.
  1711 | D:3      | 1711 ||| RETREEEEATING.
  1712 | D:3      | 1712 ||| RETREEEEATING.
  1715 | D:3      | HP: 6/25 [cerulean imp/+4 spear[Natasha] (2)]
  1716 | D:3      | 1716 ||| READING 2 scrolls of teleportation.
  1717 | D:3      | Slain by a cerulean imp

Levels and vault maps discovered:
D:1:      dpeg_arrival_yet_another_circle, layout_rooms, serial_shops, shop,
          shop
D:2:      layout_basic, chequers_ecumenical_altar_grove, basic_altar,
          kennysheep_generic_room_7, uniq_jessica
D:3:      layout_rooms, lightli_temple_of_fire,
          nicolae_kikubaaqudgha_miasma_corner, uniq_natasha

Skill      XL: |  1  2  3  4 |
---------------+-------------+-----
Ranged Weapons | 6 7 8 |  8.0
Fighting       | |  1.5
Dodging        | |  2.4
Stealth        | |  1.2

Action                     |  1- 3 |  4- 6 || total
---------------------------+-------+-------++-------
   Fire: Shortbow          |    72 |    54 ||   126
    Use: Scroll            |     3 |     6 ||     9
         Potion            |       |     1 ||     1
 Armour: Leather armour    |     6 |       ||     6
         Robe              |       |    16 ||    16
         Skin              |       |     2 ||     2
  Dodge: Dodged            |     6 |    28 ||    34

Table legend:
 A = Non-vault XP
 B = Vault XP
 C = Vault XP percentage of total XP
 D = Non-vault monster count
 E = Vault monster count
 F = Vault count percentage of total count
                 A         B        C        D         E       F
            +---------+---------+-------+---------+---------+-------
      Total |     108 |      43 |  28.5 |      40 |       4 |   9.1
            +---------+---------+-------+---------+---------+-------
        D:1 |      32 |       0 |   0.0 |      18 |       0 |   0.0
        D:2 |      35 |      43 |  55.1 |      12 |       4 |  25.0
        D:3 |      41 |       0 |   0.0 |      10 |       0 |   0.0
            +---------+---------+-------+---------+---------+-------
